 Dungeon Crawl Stone Soup version 0.28-a0-1182-g381e24db82 (webtiles) character file.

Game seed: 12103606754416684359

4 lonewolfV2 the Chopper (level 1, 0/18 HPs)
             Began as a Human Cinder Acolyte on Dec 16, 2021.
             Was a High Priest of Ignis.
             Slain by a quokka (4 damage)
             ... on level 1 of the Dungeon.
             The game lasted 00:00:29 (85 turns).

lonewolfV2 the Chopper (Human Cinder Acolyte)         Turns: 85, Time: 00:00:30

Health: 0/18       AC:  2    Str: 14    XL:     1   Next: 77%
Magic:  2/2        EV: 11    Int: 14    God:    Ignis [*****.]
Gold:   7          SH:  0    Dex:  8    Spells: 2/2 levels left

rFire   + . .      SeeInvis .   a - -1 hand axe (flame)
rCold   . . .      Faith    .   (no shield)
rNeg    . . .      Spirit   .   b - +0 robe
rPois   .          Reflect  .   (no helmet)
rElec   .          Harm     .   (no cloak)
rCorr   .          Rampage  .   (no gloves)
Will    .....                   (no boots)
Stlth   +.........              (no amulet)
HPRegen 0.06/turn               (no ring)
MPRegen 0.08/turn               (no ring)

@: no status effects
A: no striking features
a: Renounce Religion, Fiery Armour, Foxfire Swarm, Rising Flame


You were on level 1 of the Dungeon.
You worshipped Ignis.
Ignis was extremely pleased with you.
You visited 1 branch of the dungeon, and saw 1 of its levels.

You collected 7 gold pieces.

Inventory:

Hand Weapons
 a - a -1 hand axe of flaming (weapon)
Armour
 b - a +0 robe (worn)
Scrolls
 c - a scroll of teleportation {unknown}


   Skills:
 + Level 3.0 Fighting
 + Level 3.3 Axes
 + Level 1.0 Spellcasting
 + Level 3.0 Fire Magic


You had 2 spell levels left.
You didn't know any spells.
Your spell library contained the following spells:

 Spells                   Type           Power      Damage    Failure   Level
 Scorch                   Fire           18%        2d5       12%         2


Dungeon Overview and Level Annotations

Branches:
Dungeon (1/15)

Altars:


Message History

You don't know any spells.
Okay, then.
You see here a +0 robe.
c - a scroll labelled ASHOTW ASTRONUL You now have 7 gold pieces.
A rat comes into view.
A rat is nearby!
Activating: Foxfire Swarm
Press: ? - help, Dir - look around, f - activate You can't see that place.
Flames leap up around you!
Your foxfire dissipates!
A hobgoblin comes into view.
The hobgoblin shouts!
The foxfire hits the rat.
You kill the rat! 2 ball pythons come into view.
The ball python hisses angrily.
The foxfire hits the hobgoblin but does no damage.
The foxfire hits the ball python.
You kill the ball python!
The foxfire hits the hobgoblin.
You kill the hobgoblin!
The foxfire hits the ball python.
You kill the ball python!
Your foxfire dissipates! x4
Found a stone staircase leading down.
A quokka comes into view.
The quokka bites you.
You barely miss the quokka. The quokka bites you.
The quokka closely misses you.
You hit the quokka but do no damage. The quokka barely misses you.
You closely miss the quokka. The quokka bites you. x2
You barely miss the quokka. The quokka bites you.
* * * LOW HITPOINT WARNING * * *
You barely miss the quokka. The quokka bites you.
* * * LOW HITPOINT WARNING * * *
You hit the quokka. You burn the quokka.
The quokka is heavily wounded.
The quokka barely misses you. The quokka bites you.
You die...

.....##### .#
##.......### #.# .#.#
..###......###.# .#.#
.....###....##.###...###
##......#...##..........
###.....#...#.#....>...
##..[.#...#.#........
##....#.....#r.......
###.....#...#.#@#
##.<....#...##...#
.....###....######
..###......##
##.......### .....#####
######


You could see a quokka.

Vanquished Creatures
  2 ball pythons (D:1)
  A hobgoblin (D:1)
  A rat (D:1)
4 creatures vanquished.

Vanquished Creatures (others)
  9 foxfires (D:1)
9 creatures vanquished.

Grand Total: 13 creatures vanquished

Notes
Turn   | Place    | Note
-------+----------+-------------------------------------------
     0 | D:1      | lonewolfV2 the Human Cinder Acolyte began the quest for the
                  | Orb.
     0 | D:1      | Reached XP level 1. HP: 18/18 MP: 2/2
    85 | D:1      | Slain by a quokka

Illustrated notes

Levels and vault maps discovered:
D:1:      dpeg_arrival_oval, layout_basic, minmay_misc_feat_cross,
          lemuel_another_geyser

Action                   || total
-------------------------++-------
Melee: Hand axe          ||     6
Invok: Foxfire Swarm     ||     1
Dodge: Dodged            ||     3

Table legend: (Time is in decaauts)
 A = Elapsed time spent in this place.
 B = Non-inter-level travel time spent in this place.
 C = Inter-level travel time spent in this place.
 D = Time resting spent in this place.
 E = Time spent auto-exploring this place.
 F = Levels seen in this place.
 G = Mean time per level.
                   A        B        C        D        E       F      G
               +--------+--------+--------+--------+--------+-----+--------+
         Total |     85 |     85 |      0 |      0 |     66 |   1 |   85.0 |
       Dungeon |     85 |     85 |      0 |      0 |     66 |   1 |   85.0 |
               +--------+--------+--------+--------+--------+-----+--------+

Top non-repeatable levels by time:
     D:1: 85 daAuts
